 Dungeon Crawl Stone Soup version 0.29.1-15-g9cfb28693d (webtiles) character file.

Game seed: 16638889985173274527

706 Sanktem7 the Trooper (level 7, -2/64 HPs)
             Began as a Minotaur Fighter on Mar 9, 2023.
             Slain by a black bear (3 damage)
             ... on level 5 of the Dungeon.
             The game lasted 00:05:29 (3906 turns).

Sanktem7 the Trooper (Minotaur Fighter)             Turns: 3906, Time: 00:05:29

Health: -2/64      AC:  3    Str: 29    XL:     7   Next: 39%
Magic:  6/6        EV: 13    Int:  5    God:
Gold:   120        SH:  4    Dex:  9    Spells: 6/6 levels left

rFire   . . .      SeeInvis .   a - +0 war axe {axe}
rCold   . . .      Faith    .   c - +0 buckler
rNeg    . . .      Spirit   .   b - +0 scale mail
rPois   .          Reflect  .   (helmet restricted)
rElec   .          Harm     .   (no cloak)
rCorr   .          Rampage  .   (no gloves)
Will    .....                   (no boots)
Stlth   ..........              (no amulet)
HPRegen 0.20/turn               m - +4 ring of evasion
MPRegen 0.10/turn               v - +6 ring of strength

@: corroded
A: horns 2, retaliatory headbutt
a: no special abilities


You were on level 5 of the Dungeon.
You visited 1 branch of the dungeon, and saw 5 of its levels.

You collected 120 gold pieces.


Innate Abilities, Weirdness & Mutations

You have a pair of horns on your head.
You reflexively headbutt those who attack you in melee.


   Skills:
 * Level 6.8 Fighting
 * Level 6.2 Axes
 + Level 2.6 Throwing
 + Level 5.4 Armour
 - Level 3.6 Shields


You had 6 spell levels left.
You didn't know any spells.
Your spell library contained the following spells:

 Spells                   Type           Power      Damage    Failure   Level
 Dazzling Flash           Conj/Hex       0%         N/A       99%         3
 Summon Guardian Golem    Hex/Summ       0%         N/A       99%         3
 Agony                    Necr           0%         N/A       100%        5
 Silence                  Hex/Air        0%         N/A       100%        5
 Orb of Destruction       Conj           0%         9d5       100%        7
 Spellforged Servitor     Conj/Summ      0%         N/A       100%        7

Inventory:

Hand Weapons
 a - a +0 war axe (weapon) {axe}
 k - a +2 dagger of speed {short}
   (You took it off a kobold on level 1 of the Dungeon)
Missiles
 f - 10 poisoned darts (quivered) {throwing}
 g - 3 curare-tipped darts {=fthrowing}
 n - 20 stones {throwing}
Armour
 b - a +0 scale mail (worn)
 c - a +0 buckler (worn)
Magical Staves
 p - a staff of earth {!astaff}
   (You found it on level 2 of the Dungeon)
Jewellery
 m - a +4 ring of evasion (left hand)
   (You found it on level 1 of the Dungeon)
 v - a +6 ring of strength (right hand)
   (You found it on level 4 of the Dungeon)
Wands
 q - a wand of polymorph (9)
   (You found it on level 2 of the Dungeon)
Scrolls
 e - 5 scrolls of identify {unknown}
 h - a scroll of poison {unknown}
 j - 2 scrolls of blinking {unknown}
 r - 4 scrolls of teleportation {unknown}
Potions
 d - 3 potions of might
 i - 3 potions of brilliance {unknown}
 l - a potion of magic {unknown}
 o - 2 potions of curing {unknown}
 s - a potion of degeneration {unknown}
 t - a potion of mutation {unknown}
 u - a potion of ambrosia {unknown}
 w - a potion of lignification {unknown}

Dungeon Overview and Level Annotations

Branches:
Dungeon (5/15) Zot: 26028
 Temple: D:4-7

Altars:
Ashenzari
Dithmenos
Kikubaaqudgha
Nemelex Xobeh
Xom
Yredelemnul
Zin

######
....# #
....#.# #
#.
..#.#.#<#
...
##.......#
... ......#
###.###/..#
........#.#
###...#@#.#
###..h#.#
###...# .
#...# ..
#.#.##...
#.#...###
._.
##†..#....
#...
#..[......
######
##'##.#....
##.#..#


You could see a black bear.


Message History

You kill the adder!
Your Axes skill increases to level 6!
You hit the gnoll but do no damage. You block the gnoll's attack.
The gnoll closely misses you.
You hit the gnoll but do no damage. The gnoll barely misses you.
You closely miss the gnoll.
The gnoll hits you but does no damage. 😨 HP[+1]
You slice the gnoll!!
You kill the gnoll!
A hound comes into view.
You see here a +0 halberd {polearm}.
A hound is nearby!
Unknown command.
The hound barks! 😨 HP[+1]
You block the hound's attack.
You hit the hound but do no damage.
You hear the slow hiss of a very distant avalanche of sand.
The hound closely misses you. x2; You furiously retaliate!
You headbutt the hound. You barely miss the hound.
The hound bites you but does no damage. The hound bites you.
* * * LOW HITPOINT WARNING * * *
😨 HP[-3]
You take 3 damage, and now have 21/64 hp.
You barely miss the hound. The hound barely misses you.
The hound closely misses you. You furiously retaliate!
You headbutt the hound. 😨 HP[+1]
You closely miss the hound. The hound closely misses you. The hound bites you.
* * * LOW HITPOINT WARNING * * *
😨 HP[-3]
You take 3 damage, and now have 19/64 hp.
You slice the hound!!
You kill the hound!
You slash the fungus!
The fungus begins to die. 😨 HP[+1]
A nearby fungus withers and dies.
There is an open door here. 😨 HP[+1]
w - a brown potion
There is an open door here. 😨 HP[+1]
An adder comes into view.
The adder hisses angrily. 😨 HP[+1]
The adder bites you but does no damage.
You closely miss the adder. The adder barely misses you.
You furiously retaliate!
You headbutt the adder. The adder misses you.
You closely miss the adder. The adder barely misses you. 😨 HP[+1]
You slash the adder!
You kill the adder!
Found a broken altar of Ashenzari. 😨 HP[+1] 😨 HP[+1] 😨 HP[+1]
Found a shadowy altar of Dithmenos.
You open the door.
An adder comes into view.
The adder hisses angrily.
A jelly comes into view. 😨 HP[+1]
The jelly quivers.
There is an open door here.
You miss the adder. Your headbutt misses the adder.
You hear the hiss of a distant avalanche of sand.
The adder bites you but does no damage. You block the adder's attack.
You closely miss the adder. The adder misses you.
You slash the adder!
You kill the adder!
You slash the jelly!
Your hands burn!
* * * LOW HITPOINT WARNING * * *
The jelly barely misses you. 😨 HP[-3]
You take 3 damage, and now have 25/64 hp.
A black bear comes into view.
The jelly hits you but does no damage.
You see here an adder corpse.
The black bear growls angrily.
You slash the jelly! The acid corrodes you!
Your hands burn!
* * * LOW HITPOINT WARNING * * *
The jelly hits you.
* * * LOW HITPOINT WARNING * * *
You are splashed with acid!
* * * LOW HITPOINT WARNING * * *
😱 HP[-14]
You take 14 damage, and now have 11/64 hp.
MASSIVE DAMAGE!! (PAUSE)
You slash the jelly!
You kill the jelly! 😱 HP[+1]
You see here an adder corpse. 😱 HP[+1]
Found a stone staircase leading up.
The black bear bites you!
* * * LOW HITPOINT WARNING * * *
The black bear claws you.
* * * LOW HITPOINT WARNING * * *
The black bear claws you.
You die...

Skill      XL: |  1  2  3  4  5  6  7 |
---------------+----------------------+-----
Fighting       | 4 5 6 |  6.8
Axes           | 3 4 5 6 |  6.2
Armour         | 4 5 |  5.4
Throwing       | 1 2 |  2.6
Shields        | |  3.6

Action                   |  1- 3 |  4- 6 |  7- 9 || total
-------------------------+-------+-------+-------++-------
Melee: War axe           |    87 |    68 |    29 ||   184
       Headbutt          |     9 |     8 |     2 ||    19
Armor: Scale mail        |    18 |    15 |     9 ||    42
Dodge: Dodged            |    46 |    58 |    27 ||   131
Block: Buckler           |    14 |    21 |     7 ||    42

Levels and vault maps discovered:
D:1:      psy_arrival_conway, layout_loops_corners, minmay_tetromino_i2
D:2:      layout_loops_ring, hellmonk_ecumenical_altar_slurped_away,
          minmay_misc_feat_cross
D:3:      layout_loops_ring, mainiacjoe_overflow_brackets, minmay_hedge_maze
D:4:      layout_loops_ring, nicolae_overflow_crystal_walls,
          mainiacjoe_overflow_catch_the_wave
D:5:      layout_basic, nicolae_ashenzari_panopticon, zin_treasury,
          mainiacjoe_overflow_paths, lemuel_blue_sif_altar,
          lightli_ossuary_entry_decrepit_ruins, dreamdust_gnoll_farm,
          uniq_prince_ribbit1

Notes
Turn   | Place    | Note
-------+----------+-------------------------------------------
     0 | D:1      | Sanktem7 the Minotaur Fighter began the quest for the Orb.
     0 | D:1      | Reached XP level 1. HP: 19/19 MP: 0/0
     0 | D:1      | magus.rc [v1.9.6]
   356 | D:1      | Reached XP level 2. HP: 27/27 MP: 1/1
   465 | D:1      | Reached skill level 4 in Fighting
   529 | D:1      | Reached skill level 3 in Axes
  1251 | D:2      | Found a faded altar of an unknown god.
  1421 | D:2      | You pick up a book of Dangerous Friends and begin
                  | reading...
  1421 | D:2      | You add the spells Summon Guardian Golem, Orb of
                  | Destruction and Spellforged Servitor to your library.
  1502 | D:2      | Reached XP level 3. HP: 33/33 MP: 2/2
  1617 | D:2      | Reached skill level 4 in Armour
  1655 | D:3      | Found an ancient bone altar of Kikubaaqudgha.
  2451 | D:4      | Reached XP level 4. HP: 17/41 MP: 3/3
  2452 | D:4      | HP: 10/41 [orc/+0 mace (7)]
  2457 | D:3      | HP: 5/41 [orc/+0 mace (6)]
  2749 | D:4      | Found a shimmering altar of Xom.
  2791 | D:4      | Noticed a scorpion
  2793 | D:4      | Killed a scorpion
  2794 | D:4      | Reached skill level 5 in Fighting
  2794 | D:4      | Reached skill level 4 in Axes
  2794 | D:4      | Reached skill level 1 in Throwing
  2794 | D:4      | Reached XP level 5. HP: 42/48 MP: 4/4
  2951 | D:4      | Reached skill level 5 in Axes
  2951 | D:4      | Reached XP level 6. HP: 57/57 MP: 5/5
  2981 | D:4      | Found a basalt altar of Yredelemnul.
  3396 | D:4      | You pick up a book of the Senses and begin reading...
  3396 | D:4      | You add the spells Dazzling Flash, Agony and Silence to
                  | your library.
  3526 | D:4      | Found a sparkling altar of Nemelex Xobeh.
  3697 | D:5      | Entered Level 5 of the Dungeon
  3732 | D:5      | Found a glowing silver altar of Zin.
  3805 | D:5      | Reached skill level 6 in Fighting
  3805 | D:5      | Reached skill level 2 in Throwing
  3805 | D:5      | Reached skill level 5 in Armour
  3808 | D:5      | Noticed a water moccasin
  3818 | D:5      | Killed a water moccasin
  3819 | D:5      | Reached XP level 7. HP: 43/64 MP: 6/6
  3834 | D:5      | Reached skill level 6 in Axes
  3872 | D:5      | Found a broken altar of Ashenzari.
  3887 | D:5      | Found a shadowy altar of Dithmenos.
  3895 | D:5      | HP: 11/64 [acid (8)]
  3906 | D:5      | HP: 5/64 [black bear (8)]
  3906 | D:5      | HP: 1/64 [black bear (4)]
  3906 | D:5      | Slain by a black bear

Vanquished Creatures
  A water moccasin (D:5)
  A black bear (D:5)
  A scorpion (D:4)
  3 wights (D:4)
  A jelly (D:5)
  2 hounds (D:5)
  An orc priest (D:4)
  2 iguanas
  3 gnolls (D:5)
  3 adders (D:5)
  An ufetubus (D:4)
  2 worms
  8 orcs
  6 endoplasms
  4 giant cockroaches
  4 hobgoblins
  3 quokkas
  5 ball pythons
  3 bats
  4 frilled lizards
  4 goblins
  4 kobolds
  7 rats
73 creatures vanquished.

Vanquished Creatures (others)
  3 fungi (D:5)
3 creatures vanquished.

Grand Total: 76 creatures vanquished

Table legend:
 A = Non-vault XP
 B = Vault XP
 C = Vault XP percentage of total XP
 D = Non-vault monster count
 E = Vault monster count
 F = Vault count percentage of total count
                 A         B        C        D         E       F
            +---------+---------+-------+---------+---------+-------
      Total |     878 |     131 |  13.0 |      66 |       7 |   9.6
            +---------+---------+-------+---------+---------+-------
        D:1 |      18 |       2 |  10.0 |      13 |       1 |   7.1
        D:2 |      22 |       2 |   8.3 |      14 |       1 |   6.7
        D:3 |      20 |       0 |   0.0 |      11 |       0 |   0.0
        D:4 |     426 |       0 |   0.0 |      21 |       0 |   0.0
        D:5 |     392 |     127 |  24.5 |       7 |       5 |  41.7
            +---------+---------+-------+---------+---------+-------

Illustrated notes

Table legend:
 A = Kills in this place as a percentage of kills in entire the game.
 B = Kills by you in this place as a percentage of kills by you in the entire game.
 C = Kills by friends in this place as a percentage of kills by friends in the entire game.
 D = Other kills in this place as a percentage of other kills in the entire game.
 E = Experience gained in this place as a percentage of experience gained in the entire game.
 F = Experience gained in this place divided by the number of levels of this place that you have seen.
                   A       B       C       D       E      F
               +-------+-------+-------+-------+-------+----------------------
         Total | 100.0 | 100.0 |   N/A |   N/A | 100.0 | 201.8
       Dungeon | 100.0 | 100.0 |   N/A |   N/A | 100.0 | 201.8
               +-------+-------+-------+-------+-------+----------------------

Table legend: (Time is in decaauts)
 A = Elapsed time spent in this place.
 B = Non-inter-level travel time spent in this place.
 C = Inter-level travel time spent in this place.
 D = Time resting spent in this place.
 E = Time spent auto-exploring this place.
 F = Levels seen in this place.
 G = Mean time per level.
                   A        B        C        D        E       F      G
               +--------+--------+--------+--------+--------+-----+--------+
         Total |   3970 |   3852 |    118 |    266 |   2960 |   5 |  794.0 |
       Dungeon |   3970 |   3852 |    118 |    266 |   2960 |   5 |  794.0 |
               +--------+--------+--------+--------+--------+-----+--------+

Top non-repeatable levels by time:
     D:3: 1077 daAuts
     D:4: 994 daAuts
     D:1: 860 daAuts
     D:2: 818 daAuts
     D:5: 218 daAuts
